 Dungeon Crawl Stone Soup version 0.29-a0-477-g62b78b4225 (webtiles) character file.

Game seed: 1918297619856489008

1742 xian the Thaumaturge (level 8, -1/37 HPs)
             Began as a Spriggan Conjurer on May 24, 2022.
             Was a Follower of Kikubaaqudgha.
             Slain by a killer bee (4 damage)
             ... on level 7 of the Dungeon.
             The game lasted 00:26:48 (8517 turns).

xian the Thaumaturge (Spriggan Conjurer)            Turns: 8517, Time: 00:26:50

Health: -1/37      AC:  5    Str:  3    XL:     8   Next: 77%
Magic:  6/21       EV: 18    Int: 21    God:    Kikubaaqudgha [*.....]
Gold:   255        SH:  0    Dex: 14    Spells: 11/23 levels left

rFire   + . .      SeeInvis +   l - +9 trident of Uniept {elec, rF+ rC+ rN+}
rCold   + . .      Faith    .   (shield currently unavailable)
rNeg    + + .      Spirit   .   a - +0 robe
rPois   .          Reflect  .   C - +2 hat
rElec   .          Harm     .   f - +0 cloak
rCorr   .          Rampage  .   (gloves unavailable)
Will    ++...                   (boots unavailable)
Stlth   +.........              (no amulet)
HPRegen 0.12/turn               e - ring of positive energy
MPRegen 0.17/turn               D - ring of willpower

@: lethally poisoned (-1 -> -11), lit by a corona, very slightly contaminated,
glowing, very quick
A: very small, no large weapons, unfitting armour, see invisible, speed 3
a: Renounce Religion, Unearth Wretches


You were on level 7 of the Dungeon.
You worshipped Kikubaaqudgha.
Kikubaaqudgha was aware of your devotion.
You visited 2 branches of the dungeon, and saw 8 of its levels.

You collected 340 gold pieces.
You spent 85 gold pieces at shops.

Inventory:

Hand Weapons
 l - the +9 trident of Uniept (weapon) {elec, rF+ rC+ rN+}
   (You found it on level 2 of the Dungeon)

   It occasionally discharges a powerful burst of electricity upon striking a
   foe.
   rF:        It protects you from fire.
   rC:        It protects you from cold.
   rN:        It protects you from negative energy.
Missiles
 z - a throwing net
Armour
 a - a +0 robe (worn)
 f - a +0 cloak (worn)
 C - a +2 hat (worn)
Jewellery
 e - a ring of positive energy (left hand)
 s - a ring of fire
 D - a ring of willpower (right hand)
Wands
 q - a wand of paralysis (5)
 v - a wand of acid (25)
 w - a wand of charming (23)
Scrolls
 m - 3 scrolls of fog
 o - a scroll of blinking {unknown}
 r - 2 scrolls of poison
 t - 5 scrolls of identify {unknown}
 u - a scroll of torment {unknown}
 y - a scroll of summoning
 A - a scroll of vulnerability {unknown}
 B - a scroll of enchant weapon
 E - a scroll of brand weapon {unknown}
 G - a scroll of magic mapping
Potions
 b - a potion of magic
 c - a potion of brilliance {unknown}
 d - 2 potions of might
 g - a potion of berserk rage {unknown}
 h - a potion of invisibility
 i - a potion of lignification {unknown}
 j - 2 potions of curing {unknown}
 k - 2 potions of attraction {unknown}
 n - a potion of heal wounds
 p - 2 potions of mutation {unknown}
 x - a potion of haste {unknown}
 F - a potion of degeneration {unknown}


   Skills:
 + Level 1.6 Fighting
 + Level 0.5 Short Blades
 + Level 3.8(3.9) Polearms
 + Level 0.5(2.4) Staves
 + Level 4.5 Dodging
 + Level 4.3 Stealth
 + Level 8.1 Spellcasting
 + Level 5.5 Conjurations
 + Level 0.2 Necromancy


You had 11 spell levels left.
You knew the following spells:

 Your Spells              Type           Power      Damage    Failure   Level
a - Magic Dart            Conj           100%       1d8       1%          1
b - Searing Ray           Conj           62%        2d6       1%          2
c - Summon Small Mammal   Summ           32%        N/A       8%          1
d - Iskenderun's Mystic   Conj/Tloc      20%        2d6       26%         4
e - Summon Guardian Gole  Hex/Summ       8%         N/A       24%         3
f - Necrotize             Necr           36%        1d5       7%          1

Your spell library contained the following spells:

 Spells                   Type           Power      Damage    Failure   Level
 Dazzling Flash           Conj/Hex       40%        N/A       8%          3
 Mephitic Cloud           Conj/Pois/Air  16%        N/A       11%         3
 Vampiric Draining        Necr           9%         2d6       22%         3
 Call Canine Familiar     Summ           8%         N/A       24%         3
 Gell's Gravitas          Tloc           8%         N/A       24%         3
 Ignite Poison            Fire/Tmut/Pois 8%         N/A       24%         3
 Lesser Beckoning         Tloc           8%         N/A       24%         3
 Teleport Other           Tloc           8%         N/A       24%         3
 Fulminant Prism          Conj/Hex       10%        3d9       26%         4
 Animate Dead             Necr           9%         N/A       56%         4
 Anguish                  Hex/Necr       4%         N/A       58%         4
 Freezing Cloud           Conj/Ice/Air   8%         6-21      71%         5


Dungeon Overview and Level Annotations

Branches:
Dungeon (7/15)             Temple (1/1) D:6

Altars:
Ashenzari
Dithmenos
Kikubaaqudgha
Makhleb
Nemelex Xobeh
Qazlal
Ru
Trog
Uskayaw
Vehumet
Wu Jian
Xom
Yredelemnul
Zin
The Shining One
Ignis

Shops:
D:3 [   D:5 *   D:6 =


Innate Abilities, Weirdness & Mutations

You are very small and have problems with some larger weapons.
You are too small for most types of armour.
You have supernaturally acute eyesight. (SInv)
You cover ground extremely quickly. (Speed+++)


Message History

You feel much better.
You feel very sick. The killer bee misses you.
The killer bee stings you but does no damage.
The killer bee completely misses you. The killer bee misses you.
The gnoll misses you.
Casting: Searing Ray (safe; 1% risk of failure)
Confirm with . or Enter, or press ? or * to list all spells.
Aiming: Searing Ray (safe; 1% risk of failure)
Press: ? - help, Shift-Dir - straight line, f - gnoll
Aim: a gnoll, wielding a +0 spear (82% to hit)
You miscast Searing Ray.
You are very lightly contaminated with residual magic.
Nothing appears to happen.
You feel sick.
The killer bee stings you but does no damage.
The killer bee stings you!
You are lethally poisoned!
The killer bee poisons you! The killer bee stings you.
The killer bee misses you. The killer bee stings you.
The killer bee stings you!
* * * LOW HITPOINT WARNING * * *
The gnoll closely misses you.
You feel much better.
You feel very sick. The killer bee barely misses you.
The killer bee stings you.
The killer bee stings you but does no damage.
The killer bee stings you! x2
* * * LOW HITPOINT WARNING * * *
The killer bee misses you. The gnoll barely misses you.
The gnoll completely misses you.
Okay, then.
As you read the scroll labelled XUTYIREFYU, it crumbles to dust.
It is a scroll of enchant weapon.
You aren't carrying any weapons that can be enchanted.
* * * LOW HITPOINT WARNING * * *
You feel very sick. The killer bee closely misses you.
The killer bee misses you. The killer bee barely misses you.
The killer bee stings you.
You die...
Kikubaaqudgha rasps: "You have failed me!
Welcome... death!"

## ###.#####.....## .##
#.....#........# ..####
##.#.......#..##
...#.#######..##.#....#..#
..##..##..##..######.#..##
..g...........# ##....####
..g.#g........# #........#
...##........g#####.......####
....##.......ggy@.........##.##
y..###........gyy....##.......###
..## #..............##...##...##.
..# .....................##...#..
.....#....................#......
#....##...<......................
####.............................
# #. ....#..###................ #
...............


You could see 3 killer bees and 4 gnolls.

Vanquished Creatures
  Prince Ribbit (D:5)
  A water moccasin (D:4)
  Duvessa (D:5)
  An ogre (D:5)
  2 bullfrogs
  A necrophage (D:5)
  2 scorpions
  Dowan (D:6)
  2 killer bees (D:7)
  2 hounds
  5 orc priests
  Jessica (D:2)
  2 gnoll shamans
  3 iguanas
  3 orc wizards (D:6)
  Terence (D:2)
  10 gnolls
  11 adders
  A shadow imp (D:7)
  A white imp (D:5)
  An ufetubus (D:7)
  2 worms
  2 dart slugs (D:1)
  18 orcs
  6 ball pythons
  4 bats
  4 endoplasms
  5 giant cockroaches
  7 goblins
  8 hobgoblins
  4 jackals (D:1)
  6 kobolds
  2 quokkas
  4 frilled lizards
  8 rats
133 creatures vanquished.

Vanquished Creatures (collateral kills)
  An iguana (D:5)
1 creature vanquished.

Vanquished Creatures (others)
  A plant (Temple)
1 creature vanquished.

Grand Total: 135 creatures vanquished

Notes
Turn   | Place    | Note
-------+----------+-------------------------------------------
     0 | D:1      | xian the Spriggan Conjurer began the quest for the Orb.
     0 | D:1      | Reached XP level 1. HP: 9/9 MP: 5/5
   318 | D:1      | Reached XP level 2. HP: 13/13 MP: 2/6
   710 | D:1      | Reached skill level 3 in Spellcasting
  1140 | D:1      | Reached XP level 3. HP: 16/16 MP: 4/8
  1143 | D:1      | Learned a level 2 spell: Searing Ray
  1589 | D:2      | Noticed Terence
  1999 | D:2      | Killed Terence
  2244 | D:2      | Noticed Jessica
  2252 | D:2      | Killed Jessica
  2253 | D:2      | Reached XP level 4. HP: 13/21 MP: 0/10
  2398 | D:2      | Identified the +9 trident of Uniept {elec, rF+ rC+ rN+}
  2600 | D:2      | Found a faded altar of an unknown god.
  2845 | D:3      | Reached skill level 4 in Spellcasting
  2936 | D:3      | Learned a level 1 spell: Summon Small Mammal
  2941 | D:3      | Learned a level 4 spell: Iskenderun's Mystic Blast
  3030 | D:3      | Reached XP level 5. HP: 24/24 MP: 8/12
  3264 | D:3      | Found Foihyrch's Antique Armour Shop.
  4074 | D:4      | Noticed a water moccasin
  4083 | D:4      | Killed a water moccasin
  4084 | D:4      | Reached skill level 5 in Spellcasting
  4084 | D:4      | Reached XP level 6. HP: 29/29 MP: 11/14
  4153 | D:4      | Found a shimmering altar of Xom.
  5035 | D:5      | Entered Level 5 of the Dungeon
  5078 | D:5      | Found a bloodstained altar of Trog.
  5135 | D:5      | Found a burning altar of Makhleb.
  5149 | D:5      | Reached skill level 1 in Polearms
  5545 | D:5      | Reached XP level 7. HP: 32/32 MP: 12/16
  5694 | D:5      | Reached skill level 6 in Spellcasting
  6252 | D:5      | Found Qitusm's Assorted Antiques.
  6369 | D:5      | Bought a notched agate ring for 85 gold pieces
  6508 | D:6      | Noticed Dowan
  6509 | D:6      | Noticed Duvessa
  6857 | D:6      | Noticed Prince Ribbit
  6939 | D:5      | Killed Prince Ribbit
  6940 | D:5      | Reached skill level 1 in Fighting
  6940 | D:5      | Reached skill level 7 in Spellcasting
  6940 | D:5      | Reached skill level 5 in Conjurations
  6940 | D:5      | Reached XP level 8. HP: 12/37 MP: 9/19
  7228 | D:6      | Killed Dowan
  7248 | D:5      | Killed Duvessa
  7636 | D:6      | Found Xaylephe's Jewellery Emporium.
  7754 | D:6      | Found a staircase to the Ecumenical Temple.
  7764 | Temple   | Entered the Ecumenical Temple
  7883 | Temple   | Prayed at the altar of an unknown god.
  7883 | Temple   | Became a worshipper of Kikubaaqudgha
  7883 | Temple   | Reached * piety under Kikubaaqudgha
  7883 | Temple   | Received a gift from Kikubaaqudgha
  7888 | Temple   | Learned a level 3 spell: Summon Guardian Golem
  7890 | Temple   | Learned a level 1 spell: Necrotize
  8496 | D:7      | Reached skill level 8 in Spellcasting
  8517 | D:7      | Slain by a killer bee

Illustrated notes

Levels and vault maps discovered:
D:1:      dpeg_arrival_rhombi, layout_basic, minmay_crystal_room, hex_large,
          ebering_dispersal_statue_hall, st_stairs_5
D:2:      layout_rooms, hellmonk_ecumenical_altar_inner_sanctum, uniq_jessica,
          uniq_terence
D:3:      layout_loops_cross, serial_shops, nicolae_shop_trees,
          minmay_quadrilaterals
D:4:      layout_layer_cave, mainiacjoe_overflow_alcove_1,
          kennysheep_generic_room_5
D:5:      layout_loops_corners, trog_butcher_becter, makhleb_heckhound_becter,
          serial_shops, shop
D:6:      cheibrodos_helix_gallery, layout_rooms, minmay_temple_entry_trees,
          serial_shops, kennysheep_mini, nrook_uturn, uniq_prince_ribbit1,
          uniq_duvessa
D:7:      layout_cave_pools
Temple:   ebering_untended_altars

Skill      XL: |  1  2  3  4  5  6  7  8 |
---------------+-------------------------+-----
Conjurations   | 3 4 5 |  5.5
Spellcasting   | 3 4 5 7 8 |  8.1
Dodging        | 3 4 |  4.5
Polearms       | 1 2 3 |  3.8
Fighting       | 1 |  1.6
Stealth        | 4 |  4.3
Short Blades   | |  0.5
Staves         | |  0.5
Necromancy     | |  0.2

Action                   |  1- 3 |  4- 6 |  7- 9 || total
-------------------------+-------+-------+-------++-------
Melee: Quarterstaff      |     4 |       |       ||     4
       Short sword       |     1 |       |       ||     1
       Trident           |       |    26 |    56 ||    82
 Cast: Magic Dart        |    89 |   117 |   108 ||   314
       Searing Ray       |     3 |     1 |    14 ||    18
       Necrotize         |       |       |     2 ||     2
  Use: Scroll            |     1 |     2 |     3 ||     6
       Potion            |       |       |     3 ||     3
Armor: Robe              |     4 |     1 |    10 ||    15
Dodge: Dodged            |    25 |    22 |    75 ||   122

Table legend: (Time is in decaauts)
 A = Elapsed time spent in this place.
 B = Non-inter-level travel time spent in this place.
 C = Inter-level travel time spent in this place.
 D = Time resting spent in this place.
 E = Time spent auto-exploring this place.
 F = Levels seen in this place.
 G = Mean time per level.
                   A        B        C        D        E       F      G
               +--------+--------+--------+--------+--------+-----+--------+
         Total |   6662 |   6566 |     96 |    598 |   4803 |   8 |  832.8 |
       Dungeon |   6574 |   6478 |     96 |    598 |   4776 |   7 |  939.1 |
        Temple |     88 |     88 |      0 |      0 |     27 |   1 |   88.0 |
               +--------+--------+--------+--------+--------+-----+--------+

Top non-repeatable levels by time:
     D:5: 1856 daAuts
     D:1: 1291 daAuts
     D:3: 895 daAuts
     D:4: 873 daAuts
     D:2: 836 daAuts
     D:6: 606 daAuts
     D:7: 214 daAuts
  Temple: 88 daAuts
